 Dungeon Crawl Stone Soup version 0.19.1-1-g22dce08 (webtiles) character file.

863 sose the Ruffian (level 7, -6/64 HPs)
             Began as a Troll Earth Elementalist on Dec 29, 2016.
             Shot with an arrow by a centaur (10 damage)
             ... on level 5 of the Dungeon.
             The game lasted 00:24:35 (3726 turns).

sose the Ruffian (Troll Earth Elementalist)         Turns: 3726, Time: 00:24:35

Health: -6/64      AC:  7    Str: 18 (19) XL:     7   Next: 72%
Magic:  8/8        EV:  9    Int: 17 (18) God:
Gold:   197        SH:  0    Dex:  8 (10) Spells: 1 memorised, 8 levels left

rFire  . . .     SeeInvis .       - Unarmed
rCold  . . .     Gourm    +     c - +0 robe
rNeg   . . .     Faith    .     (no shield)
rPois  +         Spirit   .     (helmet restricted)
rElec  .         Reflect  .     w - +0 cloak
rCorr  .         Harm     .     (gloves unavailable)
MR     .....                    (boots unavailable)
Stlth  +.........               (no amulet)
                                (no ring)
                                j - ring of poison resistance

@: brilliant
A: unfitting armour, claws 3, rugged brown scales 1, fast metabolism 3,
gourmand, regeneration 1, shaggy fur 1, strong 1, tough skin 2, subdued magic 1
a: no special abilities


You were on level 5 of the Dungeon.
You were completely stuffed.

You visited 1 branch of the dungeon, and saw 5 of its levels.

You collected 242 gold pieces.
You spent 45 gold pieces at shops.

Inventory:

Hand Weapons
 i - a +0 hunting sling
Missiles
 b - 175 stones (quivered)
 v - 46 arrows
 A - 5 poisoned needles
Armour
 c - a +0 robe (worn)
 w - a +0 cloak (worn)
Jewellery
 j - a ring of poison resistance (left claw)
Scrolls
 f - 3 scrolls of remove curse
 g - 3 scrolls of identify
 h - 3 scrolls of amnesia {unknown}
 k - a scroll of enchant weapon {unknown}
 m - 4 scrolls of immolation
 n - a scroll of fog
 o - a scroll of random uselessness {unknown}
 s - a scroll of magic mapping {unknown}
 y - a scroll of recharging {unknown}
 z - a scroll of blinking {unknown}
 B - a scroll of enchant armour {unknown}
Potions
 l - a potion of might
 p - 2 potions of degeneration
 r - a potion of cure mutation {unknown}
 u - a potion of invisibility {unknown}
 x - a potion of curing {unknown}
 C - a potion of brilliance
 E - a potion of mutation
Books
 e - a book of Geomancy

   Spells                             Type                      Level
   a - Sandblast                      Earth                        1
   b - Passwall                       Transmutation/Earth          2
   c - Stone Arrow                    Conjuration/Earth            3
   d - Petrify                        Transmutation/Earth          4
   e - Lee's Rapid Deconstruction     Earth                        5
Comestibles
 d - 6 bread rations
 t - 9 chunks of flesh
 D - 3 meat rations


   Skills:
 + Level 1.9 Fighting
 - Level 1.5 Dodging
 - Level 1.0 Stealth
 * Level 6.6 Unarmed Combat
 + Level 1.9 Spellcasting
   Level 0.6 Transmutations
 + Level 4.7 Earth Magic


You had 8 spell levels left.
You knew the following spells:

 Your Spells              Type           Power        Failure   Level  Hunger
a - Sandblast             Erth           ###...       1%          1    #......


Dungeon Overview and Level Annotations

Branches:
Dungeon (5/15)
 Temple: D:4-7

Altars:
Qazlal
Xom

Shops:
D:4 %[

Annotations:
D:5 Dowan, Duvessa, Prince Ribbit


Innate Abilities, Weirdness & Mutations

You are too large for most types of armour.
You have claws for hands.
Your metabolism is lightning-fast.
You like to eat raw meat.
Your natural rate of healing is unusually fast.
You are covered in fur. (AC +1)
You have very tough skin. (AC +2)
You are partially covered in rugged brown scales. (AC +1, +3% HP)
Your muscles are strong. (Str +2)
Your spells are a little easier to cast, but a little less powerful.


Message History

Prince Ribbit blinks!
As you read the scroll of identify, it crumbles to dust.
a - a scroll of fear
As you read the scroll of fear, it crumbles to dust.
You assume a fearsome visage.
Prince Ribbit looks frightened!
Prince Ribbit mumbles some strange words.
Prince Ribbit looks slightly unstable.
As you read the scroll labeled JAYCIG ICOES, it crumbles to dust.
You feel strangely unstable.
It was a scroll of teleportation.
Your surroundings suddenly seem different.
The orc shouts!
A centaur comes into view.
The centaur shouts!
The orc shouts!
You hear a bark!
You hear a shout!
You hear a bark! x2
The orc barely misses you. x2; The centaur wields a shortbow.
The centaur shoots an arrow.
The arrow hits you.
* * * LOW HITPOINT WARNING * * *
You see here an arrow.
The orc misses you.
The centaur shoots an arrow.
The arrow hits you!
You die...

#..... # #.....
.# #..... ..##
#..... .... .
..# .. #### ..#
..r# #.. ....
..... #.# #####
####
##....#@#......
...
.....o.(..c....
###
####..#o#.#....
.. .....#.#.#
.. ###### #####
#.# # ......
#.# ###### #.#
... ####### #.#


You could see a centaur and 2 orcs.

Vanquished Creatures
  2 ogres (D:4)
  A phantom (D:4)
  Blork the orc (D:5)
  2 scorpions (D:4)
  A jelly (D:5)
  2 hounds (D:5)
  2 bullfrog skeletons
  Terence (D:2)
  An iguana (D:5)
  2 worker ants
  A gnoll (D:1)
  6 adders
  3 oozes
  An adder zombie (D:5)
  An adder skeleton (D:4)
  5 worms
  A dart slug (D:1)
  5 leopard geckos
  5 orcs
  2 giant cockroaches
  21 goblins
  8 hobgoblins
  4 jackals (D:2)
  A quokka (D:3)
  4 ball pythons
  A ball python skeleton (D:4)
  7 bats
  6 frilled lizards
  12 kobolds
  A leopard gecko skeleton (D:4)
  7 rats
117 creatures vanquished.

Notes
Turn   | Place    | Note
-------+----------+-------------------------------------------
     0 | D:1      | sose the Troll Earth Elementalist began the quest for the Orb.
     0 | D:1      | Reached XP level 1. HP: 16/16 MP: 1/1
    47 | D:1      | Reached skill level 1 in Unarmed Combat
   102 | D:1      | Reached XP level 2. HP: 24/24 MP: 2/2
   137 | D:1      | Reached skill level 2 in Unarmed Combat
   377 | D:1      | Reached XP level 3. HP: 31/31 MP: 3/3
   427 | D:1      | Reached skill level 3 in Unarmed Combat
   803 | D:2      | Reached XP level 4. HP: 33/39 MP: 4/4
  1469 | D:3      | Noticed Terence
  1583 | D:2      | Killed Terence
  1583 | D:2      | Reached skill level 4 in Unarmed Combat
  1651 | D:3      | Reached XP level 5. HP: 34/45 MP: 5/5
  2114 | D:3      | Found a stormy altar of Qazlal.
  2115 | D:3      | Noticed a water elemental
  2118 | D:3      | Noticed an air elemental
  2118 | D:3      | Noticed a fire elemental
  2392 | D:4      | Noticed a phantom
  2466 | D:4      | Killed a phantom
  2466 | D:4      | Reached skill level 5 in Unarmed Combat
  2466 | D:4      | Reached XP level 6. HP: 23/53 MP: 4/6
  2633 | D:4      | Found Nota's Armour Boutique.
  2655 | D:4      | Reached skill level 6 in Unarmed Combat
  2685 | D:4      | Bought a +0 cloak for 45 gold pieces
  2709 | D:4      | Reached XP level 7. HP: 61/61 MP: 8/8
  2718 | D:4      | Found Bais's Food Boutique.
  2969 | D:4      | Found a shimmering altar of Xom.
  3006 | D:4      | Reached skill level 1 in Fighting
  3399 | D:5      | Entered Level 5 of the Dungeon
  3501 | D:5      | Noticed Duvessa
  3501 | D:5      | Noticed Dowan
  3650 | D:5      | Noticed Blork the orc
  3664 | D:5      | Killed Blork the orc
  3692 | D:5      | Noticed Prince Ribbit
  3712 | D:5      | Gained mutation: Your spells are a little easier to cast, but a little less powerful. [potion of mutation]
  3712 | D:5      | Gained mutation: You are partially covered in rugged brown scales. (AC +1, +3% HP) [potion of mutation]
  3712 | D:5      | Gained mutation: Your muscles are strong. (Str +2) [potion of mutation]
  3714 | D:5      | HP: 2/64 [Prince Ribbit (14)]
  3725 | D:5      | HP: 3/64 [centaur/arrow (5)]
  3726 | D:5      | Shot with an arrow by a centaur

Skill      XL: |  1  2  3  4  5  6  7 |
---------------+----------------------+-----
Unarmed Combat | 1 2 3 4 5 6 |  6.6
Earth Magic    | 3 4 |  4.7
Fighting       | 1 |  1.9
Dodging        | |  1.5
Stealth        | |  1.0
Spellcasting   | |  1.9
Transmutations | |  0.6

Action                   |  1- 3 |  4- 6 |  7- 9 || total
-------------------------+-------+-------+-------++-------
Melee: Unarmed           |    94 |   253 |    68 ||   415
       Punch             |       |     2 |       ||     2
 Cast: Sandblast         |     2 |    18 |     3 ||    23
  Use: Scroll            |       |       |     7 ||     7
       Potion            |       |       |     5 ||     5
 Stab: Sleeping          |     2 |     1 |     1 ||     4
       Distracted        |       |       |     1 ||     1
  Eat: Chunk             |    13 |    19 |    10 ||    42
Armor: Robe              |    17 |   126 |    14 ||   157
Dodge: Dodged            |    49 |   119 |    31 ||   199
